[Event "Titled Tuesday Blitz December 13 Early 2022"]
[White "Postnikov, Daniil"]
[Black "Estrada Nieto, Julian"]
[WhiteFideId "4166329"]
[BlackFideId "5101018"]
[WhiteElo "2261"]
[BlackElo "2195"]
[Result "1-0"]
[Round "04"]
[TimeControl "180+1"]
[Date "2022.12.14"]
[WhiteClock "0:00:35"]
[BlackClock "0:00:05"]

1. e4 e5 2. f4 d5 3. exd5 exf4 4. Nf3 Nf6 5. Bc4 Bd6 6. O-O O-O 7. Nc3 c6 8. dxc6 Nxc6 9. d4 Bg4 10. Nb5 Bb8 11. c3 Re8 12. Bd2 Ne4 13. Qc2 a6 14. Na3 Bxf3 15. Rxf3 Ng5 16. Rff1 f3 17. Bxg5 Qxg5 18. Rxf3 Re7 19. Raf1 Ba7 20. Rxf7 Rxf7 21. Rxf7 Kh8 22. Qf2 Qd8 23. Rxb7 Nxd4 24. Rxa7 Rxa7 25. cxd4 Re7 26. Nc2 Qe8 27. b3 a5 28. a4 Re4 29. d5 h6 30. h3 Re5 31. d6 Qd8 32. Qd4 Re8 33. d7 Rf8 34. Bb5 Qg5 35. Qe3 Qf6 36. Nd4 Qg6 37. Ne6 Qb1+ 38. Kh2 Rg8 39. d8=Q Rxd8 40. Nxd8 Qd1 41. Bd3 Qh5 42. Qe7 1-0


[Site "https://www.chess.com"]

[Event "Titled Tuesday Blitz December 13 Early 2022"]
[White "Przybylski, Wojciech"]
[Black "Aloma Vidal, Robert"]
[WhiteFideId "1117599"]
[BlackFideId "2260409"]
[WhiteElo "2217"]
[BlackElo "2435"]
[Result "1-0"]
[Round "04"]
[TimeControl "180+1"]
[Date "2022.12.14"]
[WhiteClock "0:00:25"]
[BlackClock "0:00:03"]

1. e4 e5 2. Nf3 Nf6 3. Nxe5 d6 4. Nf3 Nxe4 5. d4 d5 6. Bd3 Bd6 7. O-O O-O 8. c4 c6 9. cxd5 cxd5 10. Nc3 Nxc3 11. bxc3 Bg4 12. Rb1 Nd7 13. h3 Bh5 14. Rxb7 Nb6 15. Ba6 h6 16. Re1 Qf6 17. g4 Bg6 18. Ne5 Be4 19. f3 Bxe5 20. fxe4 Qh4 21. dxe5 Qg3+ 22. Kf1 Qxh3+ 23. Ke2 Qg2+ 24. Kd3 dxe4+ 25. Rxe4 Rad8+ 26. Rd4 Nd5 27. Bd2 Rc8 28. Rb3 Rfd8 29. Bb7 Rc5 30. Qe2 Qg3+ 31. Kc2 1-0


[Site "https://www.chess.com"]

[Event "Titled Tuesday Blitz December 13 Early 2022"]
[White "Putri, Regita Desyari"]
[Black "Jimenez Almeida, Luis David"]
[WhiteFideId "7109083"]
[BlackFideId "22242244"]
[WhiteElo "1930"]
[BlackElo "2158"]
[Result "0-1"]
[Round "04"]
[TimeControl "180+1"]
[Date "2022.12.14"]
[WhiteClock "0:00:07"]
[BlackClock "0:00:20"]

1. d4 g6 2. c4 Bg7 3. Nf3 f5 4. g3 Nf6 5. Bg2 d6 6. O-O O-O 7. Nc3 Nc6 8. d5 Ne5 9. b3 Nxf3+ 10. exf3 e5 11. dxe6 Bxe6 12. Bb2 Qd7 13. f4 c6 14. Qd2 Rfe8 15. Rad1 Rad8 16. Ne2 d5 17. cxd5 Bxd5 18. Bxd5+ Qxd5 19. Qc2 Qe4 20. Qxe4 Nxe4 21. Bxg7 Kxg7 22. Nd4 Nc3 23. Rd3 Ne2+ 24. Nxe2 Rxd3 25. Nc1 Rd2 26. Kg2 Red8 27. Re1 Rd1 28. Kf1 Kf6 29. Ne2 b5 30. Nc3 Rxe1+ 31. Kxe1 a5 32. Ke2 h5 33. h4 Re8+ 34. Kd2 Ke6 35. a4 b4 36. Nd1 Kd5 37. Kd3 Kc5 38. Ne3 Rd8+ 39. Ke2 Kd4 40. Nc4 Rd5 41. Kd2 Rc5 42. Ne5 Rxe5 43. fxe5 Kxe5 44. Ke3 c5 45. Kd3 Kd5 46. f3 Kd6 47. Kc4 f4 48. gxf4 Kc6 49. Kd3 Kd5 50. Kc2 c4 51. bxc4+ Kxc4 52. Kb2 Kd4 53. Kb3 Ke3 54. Kc4 Kxf4 55. Kb5 Kxf3 56. Kxa5 b3 57. Kb4 b2 58. Kc3 b1=Q 59. a5 Qa1+ 60. Kb4 Qxa5+ 0-1


[Site "https://www.chess.com"]

[Event "Titled Tuesday Blitz December 13 Early 2022"]
[White "Raahul V S"]
[Black "Golizadeh, Asghar"]
[WhiteFideId "25035525"]
[BlackFideId "12505269"]
[WhiteElo "2202"]
[BlackElo "2403"]
[Result "1-0"]
[Round "04"]
[TimeControl "180+1"]
[Date "2022.12.14"]
[WhiteClock "0:00:10"]
[BlackClock "0:00:11"]

1. b3 e5 2. Bb2 Nc6 3. c4 Nf6 4. e3 Be7 5. Nf3 d6 6. d4 exd4 7. Nxd4 Nxd4 8. Qxd4 O-O 9. Be2 Ne8 10. Nc3 Bf6 11. Qd2 Bf5 12. O-O c6 13. Rad1 Qe7 14. Bd3 Bg4 15. f3 Bh5 16. Rde1 Nc7 17. f4 Bg6 18. f5 Bh5 19. h3 Bh4 20. g4 Bxe1 21. Qxe1 Rae8 22. Ne4 f6 23. gxh5 d5 24. cxd5 cxd5 25. Nf2 Qxe3 26. Qxe3 Rxe3 27. Bd4 Rg3+ 28. Kh2 Rg5 29. h6 gxh6 30. Ng4 Kg7 31. Be3 Rh5 32. Rc1 Ne8 33. Bf4 Rf7 34. Rc8 Re7 35. Kg3 Kf7 36. Nxh6+ Kg7 37. Ng4 Kf7 38. b4 Kg7 39. b5 h6 40. a4 b6 41. Rc6 Kh7 42. Rxf6 Rg7 43. Re6 Nc7 44. f6+ Kh8 45. fxg7+ Kxg7 46. Bxc7 Kf8 47. Rf6+ Ke7 48. Bd6+ Kd7 49. Bf5+ 1-0


[Site "https://www.chess.com"]

[Event "Titled Tuesday Blitz December 13 Early 2022"]
[White "Rangel, Daniel"]
[Black "Csonka, Balazs"]
[WhiteFideId "2124475"]
[BlackFideId "742910"]
[WhiteElo "2225"]
[BlackElo "2404"]
[Result "0-1"]
[Round "04"]
[TimeControl "180+1"]
[Date "2022.12.14"]
[WhiteClock "0:00:08"]
[BlackClock "0:00:06"]

1. d4 Nf6 2. c4 e6 3. Nc3 Bb4 4. e3 b6 5. Ne2 Bb7 6. a3 Be7 7. Nf4 O-O 8. Be2 d6 9. Bf3 c6 10. e4 e5 11. Nfe2 exd4 12. Nxd4 Re8 13. O-O Bf8 14. Nf5 g6 15. Nh6+ Kg7 16. Bg5 Nbd7 17. Ng4 Qc7 18. Qd4 Re6 19. Nxf6 Nxf6 20. Rad1 h6 21. Bf4 Kh7 22. h4 Rae8 23. Rfe1 Nd7 24. h5 Ne5 25. hxg6+ fxg6 26. Be2 Bg7 27. Qd2 Rf8 28. Bg3 g5 29. Bf1 Bc8 30. Qc2 Qf7 31. Ne2 Qh5 32. Nd4 Ng4 33. Nf5 Be5 34. f4 gxf4 35. Bh4 Rg6 36. Be2 Bxf5 37. exf5 Rxf5 38. Bd3 Qxh4 39. Bxf5 Qh2+ 40. Kf1 Qh1+ 41. Ke2 Qxg2+ 42. Kd3 Nf2+ 43. Kd2 Ne4+ 44. Kc1 Qxc2+ 45. Kxc2 Nf2 46. Rg1 Nxd1 47. Bxg6+ Kg7 48. Kxd1 Kf6 49. Be4 Bxb2 50. Bxc6 Bd4 51. Bd5 Bxg1 52. Ke2 Bd4 53. Kf3 Kg5 54. a4 Bc3 55. Be6 Be5 56. Bd5 Kh4 57. Be6 Kg5 58. Bd5 h5 59. Be6 Kf6 60. Bh3 Kg5 61. Bd7 Bb2 62. Bc8 Bc1 63. Bd7 Kf6 64. Bh3 Ke5 65. Bf1 Kd4 66. Kg2 Ke3 67. Kh3 Kf2 68. Kh4 Kxf1 69. Kxh5 f3 0-1


[Site "https://www.chess.com"]

[Event "Titled Tuesday Blitz December 13 Early 2022"]
[White "Redzisz, Michal"]
[Black "Kuchava, Ana"]
[WhiteFideId "21816107"]
[BlackFideId "13605348"]
[WhiteElo "2136"]
[BlackElo "2001"]
[Result "1-0"]
[Round "04"]
[TimeControl "180+1"]
[Date "2022.12.14"]
[WhiteClock "0:01:37"]
[BlackClock "0:00:01"]

1. e4 c5 2. Nf3 d6 3. d4 cxd4 4. Nxd4 Nf6 5. Nc3 Nc6 6. Bg5 Bd7 7. f4 Rc8 8. Qd2 Qa5 9. Bxf6 gxf6 10. O-O-O Nxd4 11. Qxd4 b5 12. Kb1 b4 13. Nd5 Qc5 14. Nxb4 Qa5 15. Nd5 Rg8 16. g3 f5 17. e5 Bg7 18. Bg2 dxe5 19. Nf6+ Kf8 20. Nxh7+ Ke8 21. Qxd7# 1-0


[Site "https://www.chess.com"]

[Event "Titled Tuesday Blitz December 13 Early 2022"]
[White "Rodriguez Fontecha, Marcos"]
[Black "Torres Boch, Jose Francisco"]
[WhiteFideId "2256576"]
[BlackFideId "2278383"]
[WhiteElo "2263"]
[BlackElo "2073"]
[Result "1-0"]
[Round "04"]
[TimeControl "180+1"]
[Date "2022.12.14"]
[WhiteClock "0:00:50"]
[BlackClock "0:00:56"]

1. Nf3 Nf6 2. g4 Nxg4 3. e4 d6 4. Nc3 c5 5. d4 cxd4 6. Nxd4 Nf6 7. Rg1 g6 8. Bg5 Bg7 9. Qd2 Nc6 10. Nxc6 bxc6 11. Bh6 Bxh6 12. Qxh6 Qb6 13. O-O-O Rb8 14. b3 Qb4 15. Qe3 a5 16. Kb2 a4 17. a3 Qa5 18. f4 axb3 19. cxb3 O-O 20. e5 Nd5 21. Nxd5 cxd5 22. exd6 exd6 23. Qd2 Qb6 24. Rg3 Be6 25. Qd4 Qc5 26. Qxc5 dxc5 27. f5 Bxf5 28. Rxd5 Be6 29. Rxc5 Rfd8 30. Rc2 Rd1 31. Bc4 Bf5 32. Rf2 Rb1+ 33. Ka2 Rh1 34. Rxf5 Rxh2+ 35. Kb1 Rb7 36. a4 h5 37. a5 h4 38. Rxg6+ 1-0


[Site "https://www.chess.com"]

[Event "Titled Tuesday Blitz December 13 Early 2022"]
[White "Rohith Krishna S"]
[Black "Ljukin, Sergei"]
[WhiteFideId "46617051"]
[BlackFideId "14102200"]
[WhiteElo "2270"]
[BlackElo "2312"]
[Result "1-0"]
[Round "04"]
[TimeControl "180+1"]
[Date "2022.12.14"]
[WhiteClock "0:02:45"]
[BlackClock "0:02:45"]

1. e4 e6 2. d4 d5 3. e5 c5 4. c3 Nc6 5. Nf3 Qb6 6. Bd3 Nxd4 7. cxd4 cxd4 8. O-O f6 9. exf6 Nxf6 10. Nxd4 Bc5 11. Nb3 Bd6 12. Be3 Qc7 13. h3 O-O 14. Nc3 a6 15. Rc1 Qf7 16. Bc5 Bxc5 17. Nxc5 b6 18. N5a4 Rb8 19. Qe2 1-0


[Site "https://www.chess.com"]

[Event "Titled Tuesday Blitz December 13 Early 2022"]
[White "Ronka, Erik"]
[Black "Torres Cueto, Jesus Marcial"]
[WhiteFideId "505080"]
[BlackFideId "4415280"]
[WhiteElo "2264"]
[BlackElo "2022"]
[Result "1-0"]
[Round "04"]
[TimeControl "180+1"]
[Date "2022.12.14"]
[WhiteClock "0:00:58"]
[BlackClock "0:00:41"]

1. e4 e6 2. d4 d5 3. Nd2 c5 4. exd5 Qxd5 5. Ngf3 cxd4 6. Bc4 Qd6 7. O-O Nc6 8. Nb3 a6 9. Nbxd4 Nxd4 10. Nxd4 Qc7 11. Bd3 Bd6 12. Re1 Ne7 13. Qh5 g6 14. Qh4 Be5 15. Bg5 Nd5 16. c4 Nb4 17. Bxg6 hxg6 18. Qe4 Bxd4 19. Qxd4 Qxh2+ 20. Kf1 Nc6 21. Qf6 Bd7 22. Rad1 Qh1+ 23. Ke2 Qxg2 24. Qxh8# 1-0


[Site "https://www.chess.com"]

[Event "Titled Tuesday Blitz December 13 Early 2022"]
[White "Roque Sola, Gisela"]
[Black "Lewtak, Damian"]
[WhiteFideId "5120241"]
[BlackFideId "1141724"]
[WhiteElo "1961"]
[BlackElo "2330"]
[Result "0-1"]
[Round "04"]
[TimeControl "180+1"]
[Date "2022.12.14"]
[WhiteClock "0:00:06"]
[BlackClock "0:00:36"]

1. e4 c5 2. Nf3 d6 3. d4 cxd4 4. Nxd4 Nf6 5. Nc3 Nc6 6. Be2 e5 7. Nb3 h6 8. O-O Be7 9. Kh1 O-O 10. f4 a5 11. a4 Nb4 12. Bf3 Be6 13. Be3 Rc8 14. Nd2 Qc7 15. f5 Bd7 16. Rf2 Bc6 17. Nf1 Rfd8 18. Ng3 d5 19. exd5 Nbxd5 20. Nxd5 Nxd5 21. Bxd5 Bxd5 22. Qg4 Qc4 23. Qh3 Qh4 24. Qxh4 Bxh4 25. Bb6 Re8 26. Bxa5 e4 27. Re1 Ra8 28. Bc3 Rxa4 29. Rfe2 b5 30. Rd1 b4 31. Rxd5 bxc3 32. Rd1 Bxg3 33. hxg3 cxb2 34. c3 Ra1 35. Ree1 Rea8 36. Kh2 Rxd1 37. Rxd1 Ra1 38. Rd8+ Kh7 39. c4 b1=Q 40. c5 Qh1# 0-1


[Site "https://www.chess.com"]

[Event "Titled Tuesday Blitz December 13 Early 2022"]
[White "Rosenberg, Evan S"]
[Black "Pajeken, Jakob Leon"]
[WhiteFideId "2019299"]
[BlackFideId "12942839"]
[WhiteElo "2424"]
[BlackElo "2414"]
[Result "0-1"]
[Round "04"]
[TimeControl "180+1"]
[Date "2022.12.14"]
[WhiteClock "0:00:04"]
[BlackClock "0:00:27"]

1. d4 d5 2. Nf3 Nf6 3. c3 h6 4. Bf4 e6 5. h3 c5 6. e3 Nc6 7. Nbd2 Bd6 8. Bd3 cxd4 9. Bxd6 dxe3 10. Ba3 exd2+ 11. Qxd2 e5 12. Bb5 e4 13. Nd4 Bd7 14. Be2 Ne7 15. O-O-O O-O 16. g4 Re8 17. g5 hxg5 18. Qxg5 Ng6 19. Rdg1 Re5 20. Qg3 Nh5 21. Bxh5 Rxh5 22. Ne2 Qf6 23. Kb1 Bb5 24. Nd4 Bd3+ 25. Ka1 Rc8 26. Bd6 b5 27. Bb4 Qb6 28. Qg4 Rc4 29. Qxh5 Rxb4 30. cxb4 Qxd4 31. Rc1 Qxb4 32. Rc8+ Nf8 33. Qxd5 e3 34. Qc5 Qxc5 35. Rxc5 exf2 36. Rcc1 Ne6 37. Rhf1 Bxf1 38. Rxf1 Nf4 39. Rxf2 Nxh3 40. Rf5 g5 41. Rxb5 g4 42. Rh5 Kg7 43. b4 Kg6 44. Rh8 Ng5 45. a4 g3 46. Rh1 f5 47. b5 f4 48. a5 g2 49. Rg1 f3 50. b6 axb6 51. axb6 f2 52. Rb1 f1=Q 53. b7 Qxb1+ 54. Kxb1 g1=Q+ 0-1


[Site "https://www.chess.com"]

[Event "Titled Tuesday Blitz December 13 Early 2022"]
[White "Rustemov, Alexander"]
[Black "Paravyan, David"]
[WhiteFideId "4119002"]
[BlackFideId "4194985"]
[WhiteElo "2815"]
[BlackElo "2551"]
[Result "0-1"]
[Round "04"]
[TimeControl "180+1"]
[Date "2022.12.13"]
[WhiteClock "0:00:01"]
[BlackClock "0:00:08"]

1. Nf3 Nf6 2. g3 g6 3. Bg2 Bg7 4. O-O O-O 5. c4 c6 6. b3 Ne4 7. d4 d5 8. Bb2 a5 9. Nc3 Nxc3 10. Bxc3 Nd7 11. e3 b5 12. cxd5 cxd5 13. Ne5 Bb7 14. Rc1 b4 15. Bb2 Nxe5 16. dxe5 Qd7 17. Qd2 Rfc8 18. Bd4 Rxc1 19. Rxc1 Rc8 20. f4 e6 21. Kf2 Bf8 22. Bf1 Rc7 23. Bd3 Qc8 24. Rxc7 Qxc7 25. Qc2 Qd7 26. g4 Bc6 27. Qe2 a4 28. g5 h5 29. Ke1 Qb7 30. Kd1 Bd7 31. Kc2 Bc5 32. Qd2 Qb6 33. Be2 Bb5 34. Bxb5 Qxb5 35. Qd3 Qc6 36. Kd2 Bxd4 37. exd4 Qa8 38. Qc2 axb3 39. axb3 Qa1 40. Qc5 Qb2+ 41. Ke1 Qxb3 42. Kf2 Qb2+ 43. Kf3 Qxh2 44. Qc8+ Kg7 45. Qd8 Qh3+ 46. Kf2 Qf5 47. Ke3 Qe4+ 48. Kd2 Qxf4+ 49. Kc2 h4 50. Kb3 h3 51. Qf6+ Qxf6 52. exf6+ Kh7 0-1


[Site "https://www.chess.com"]

[Event "Titled Tuesday Blitz December 13 Early 2022"]
[White "Sai Han Thiha"]
[Black "Rian, Kapriaga"]
[WhiteFideId "13012290"]
[BlackFideId "7103263"]
[WhiteElo "1954"]
[BlackElo "2274"]
[Result "1-0"]
[Round "04"]
[TimeControl "180+1"]
[Date "2022.12.14"]
[WhiteClock "0:00:42"]
[BlackClock "0:00:11"]

1. d4 f5 2. Nf3 Nf6 3. Bf4 e6 4. e3 d6 5. c4 Nc6 6. Nc3 h6 7. d5 Ne7 8. dxe6 Bxe6 9. Nd4 Bd7 10. Bd3 g5 11. Bg3 Bg7 12. h4 g4 13. h5 O-O 14. Qc2 Qc8 15. Bh4 a6 16. Nce2 c5 17. Nb3 Nc6 18. a3 Ne5 19. Nf4 b5 20. Nd2 Rb8 21. Rb1 Re8 22. O-O Rf8 23. Rfd1 Qc6 24. Bxf5 Bxf5 25. Qxf5 Rbe8 26. Ng6 Nxg6 27. Qxg6 Ne4 28. Nxe4 Qxe4 29. Rxd6 Qxg6 30. hxg6 Bf6 31. Bxf6 Re4 32. g7 Rf7 33. Rd8+ 1-0


[Site "https://www.chess.com"]

[Event "Titled Tuesday Blitz December 13 Early 2022"]
[White "Sanchez, Robert"]
[Black "Andreev, Konstantin"]
[WhiteFideId "2034360"]
[BlackFideId "24239305"]
[WhiteElo "2341"]
[BlackElo "2106"]
[Result "1-0"]
[Round "04"]
[TimeControl "180+1"]
[Date "2022.12.14"]
[WhiteClock "0:00:08"]
[BlackClock "0:00:03"]

1. e4 c5 2. Nf3 Nc6 3. d4 cxd4 4. Nxd4 Nf6 5. Nc3 e5 6. Ndb5 d6 7. Bg5 a6 8. Bxf6 gxf6 9. Na3 f5 10. Bd3 Nd4 11. O-O Bg7 12. Nd5 fxe4 13. Bxe4 O-O 14. c3 Nc6 15. Nc4 f5 16. Bf3 e4 17. Be2 Be6 18. Ncb6 Rb8 19. f3 Be5 20. f4 Bg7 21. Kh1 Kh8 22. g4 fxg4 23. Bxg4 Bg8 24. Qe2 Qh4 25. Rad1 Rbd8 26. Rg1 Rde8 27. Rg2 e3 28. Bf3 Ne7 29. Rg4 Qh6 30. c4 Ng6 31. Rdg1 Be6 32. R4g2 Bd4 33. Rd1 Bxb6 34. Nxb6 Nxf4 35. Qxe3 Bh3 36. Qd4+ Re5 37. Rg3 Ne6 38. Qxd6 Re3 39. Rdg1 Qf6 40. Bg2 Bxg2+ 41. R3xg2 h6 42. Nd5 Qf7 43. b3 Rf3 44. Qb4 Ng5 45. Qa3 Kh7 46. Qb2 Qh5 47. Qc2+ Qg6 48. Qe2 Qf7 49. Qc2+ Kh8 50. Qe2 Rf2 51. Qd3 Kg8 52. Qg3 Rxg2 53. Qxg2 Kh8 54. h4 Nh7 55. Qb2+ Nf6 56. Rf1 Qh5 57. Rxf6 Qxh4+ 58. Kg1 Qg3+ 59. Kf1 Qh3+ 60. Ke2 Qg2+ 61. Rf2+ Kh7 62. Rxg2 Re8+ 63. Kd2 Re7 64. Qc2+ Kh8 65. Nxe7 h5 66. Qg6 h4 67. Qg7# 1-0


[Site "https://www.chess.com"]

[Event "Titled Tuesday Blitz December 13 Early 2022"]
[White "Saravana, Krishnan P."]
[Black "Makhnev, Denis"]
[WhiteFideId "5018382"]
[BlackFideId "13707647"]
[WhiteElo "2190"]
[BlackElo "2507"]
[Result "0-1"]
[Round "04"]
[TimeControl "180+1"]
[Date "2022.12.13"]
[WhiteClock "0:00:09"]
[BlackClock "0:00:33"]

1. e4 e5 2. Nf3 Nc6 3. Bb5 a6 4. Ba4 Nf6 5. d3 b5 6. Bb3 Be7 7. O-O d6 8. a3 O-O 9. Nc3 Na5 10. Ba2 c6 11. d4 Qc7 12. h3 h6 13. Re1 Re8 14. Be3 Bf8 15. Qc1 Be6 16. dxe5 dxe5 17. Bxe6 Rxe6 18. b3 Nb7 19. Nh4 b4 20. axb4 Bxb4 21. Bd2 a5 22. Na4 Rd8 23. Bxb4 axb4 24. Nf5 c5 25. Nb2 Nd6 26. Nxd6 Rexd6 27. Nc4 Rd4 28. f3 Nh5 29. Qe3 Qe7 30. Qf2 Qg5 31. Kh2 Qf4+ 32. g3 Nxg3 33. Kg2 Rd2 34. Nxd2 Rxd2 0-1


[Site "https://www.chess.com"]

[Event "Titled Tuesday Blitz December 13 Early 2022"]
[White "Shapiro, Daniel"]
[Black "Iskusnyh, Sergei"]
[WhiteFideId "2001780"]
[BlackFideId "4120027"]
[WhiteElo "2364"]
[BlackElo "2492"]
[Result "0-1"]
[Round "04"]
[TimeControl "180+1"]
[Date "2022.12.14"]
[WhiteClock "0:00:05"]
[BlackClock "0:00:53"]

1. d4 d5 2. c4 c6 3. Nf3 Nf6 4. Qb3 dxc4 5. Qxc4 Bf5 6. Nc3 e6 7. Qb3 Qb6 8. Nd2 Nbd7 9. e4 Bg6 10. Nc4 Qxb3 11. axb3 Nxe4 12. f3 Nd6 13. Ne5 Nf5 14. Nxd7 Kxd7 15. Bf4 Bd6 16. Bxd6 Kxd6 17. Ne4+ Kc7 18. Ra4 Rhd8 19. Be2 Nxd4 20. Bd1 Bxe4 21. fxe4 e5 22. O-O f6 23. b4 Rd6 24. Bg4 a6 25. Kf2 Rad8 26. Rd1 Nc2 27. Rxd6 Rxd6 28. Ke2 Rd4 29. Ra2 Nxb4 30. Bf3 Nxa2 0-1


[Site "https://www.chess.com"]

[Event "Titled Tuesday Blitz December 13 Early 2022"]
[White "Shevtchenko, Olesya"]
[Black "Remizov, Yaroslav"]
[WhiteFideId "24131890"]
[BlackFideId "34134015"]
[WhiteElo "2003"]
[BlackElo "2415"]
[Result "1-0"]
[Round "04"]
[TimeControl "180+1"]
[Date "2022.12.13"]
[WhiteClock "0:00:42"]
[BlackClock "0:00:01"]

1. e4 c6 2. d4 d5 3. e5 c5 4. dxc5 e6 5. a3 Bxc5 6. b4 Be7 7. Nf3 a5 8. b5 Nd7 9. Bd3 f6 10. Bb2 Nh6 11. O-O Nf7 12. Re1 fxe5 13. Nxe5 Ndxe5 14. Bxe5 Nxe5 15. Rxe5 Bf6 16. f4 Qc7 17. Qe2 Bxe5 18. fxe5 O-O 19. Nd2 Qc5+ 20. Kh1 Qd4 21. Rd1 Qh4 22. Nf3 Qh6 23. Qf2 Qh5 24. Rf1 Bd7 25. Qb6 Rab8 26. Qxa5 b6 27. Qa7 Be8 28. Qxb8 Bxb5 29. Qd6 Bxd3 30. Qxe6+ Qf7 31. Qxf7+ Kxf7 32. cxd3 Ra8 33. Ra1 Ke6 34. Kg1 d4 35. Nxd4+ Kxe5 36. Nf3+ Kd5 37. Kf2 b5 38. Ke3 b4 39. a4 Kc5 40. Kd2 Re8 41. Rc1+ Kb6 42. Nd4 Ka5 43. Ra1 Rf8 44. Nb3+ Ka6 45. a5 Rf2+ 46. Ke3 Rxg2 47. Nc5+ Ka7 48. a6 Rxh2 49. Nb3 Rh6 50. Nc5 g5 51. d4 g4 52. Rf1 Rh3+ 53. Ke4 Ra3 54. Rf7+ Ka8 55. Kd5 b3 56. Kc6 b2 57. Rb7 g3 58. Rxb2 h5 59. Kc7 h4 60. Nd7 1-0


[Site "https://www.chess.com"]

[Event "Titled Tuesday Blitz December 13 Early 2022"]
[White "Shipov, Sergei"]
[Black "Manelyuk, Daniil"]
[WhiteFideId "4113624"]
[BlackFideId "44173920"]
[WhiteElo "2785"]
[BlackElo "2210"]
[Result "0-1"]
[Round "04"]
[TimeControl "180+1"]
[Date "2022.12.14"]
[WhiteClock "0:00:18"]
[BlackClock "0:00:51"]

1. d4 Nf6 2. c4 g6 3. Nc3 d5 4. Nf3 Bg7 5. cxd5 Nxd5 6. Na4 O-O 7. e4 Nb6 8. Be2 Nxa4 9. Qxa4 c5 10. Be3 Nc6 11. dxc5 Bxb2 12. Rb1 Bc3+ 13. Kf1 Qc7 14. h4 h5 15. g3 Bg4 16. Kg2 Ne5 17. Qb3 Qa5 18. Nxe5 Bxe2 19. Nxg6 Bd3 20. Nxe7+ Kg7 21. Qd5 Rfd8 0-1


[Site "https://www.chess.com"]

[Event "Titled Tuesday Blitz December 13 Early 2022"]
[White "Shtompel, Yuriy"]
[Black "Larina, Maria"]
[WhiteFideId "14168278"]
[BlackFideId "24113182"]
[WhiteElo "1844"]
[BlackElo "1848"]
[Result "1-0"]
[Round "04"]
[TimeControl "180+1"]
[Date "2022.12.14"]
[WhiteClock "0:00:08"]
[BlackClock "0:00:02"]

1. e4 c6 2. d4 d5 3. e5 c5 4. dxc5 e6 5. Nf3 Bxc5 6. Bd3 Nc6 7. a3 Nge7 8. O-O Ng6 9. Qe2 O-O 10. Re1 a6 11. Nbd2 b5 12. Nb3 Bb6 13. Bg5 Qc7 14. h4 h6 15. Bd2 Bb7 16. c3 Na5 17. Nxa5 Bxa5 18. Rad1 Rac8 19. Nd4 Bb6 20. h5 Ne7 21. Qg4 Bxd4 22. cxd4 Kh8 23. f4 Qb6 24. Be3 b4 25. Rf1 Rc7 26. Qh3 bxa3 27. bxa3 Qb2 28. f5 exf5 29. Rxf5 Rc2 30. Rf2 Rxf2 31. Bxf2 Qxa3 32. Bh4 Qa4 33. Bxe7 Qxd1+ 34. Kh2 Re8 35. Qf5 g6 36. hxg6 fxg6 37. Bf6+ Kg8 38. Qxg6+ Kf8 39. Qg7# 1-0


[Site "https://www.chess.com"]

[Event "Titled Tuesday Blitz December 13 Early 2022"]
[White "Shuvalov, Evgenij"]
[Black "Skuhala, Barbara"]
[WhiteFideId "4187237"]
[BlackFideId "14605465"]
[WhiteElo "2049"]
[BlackElo "2137"]
[Result "1/2-1/2"]
[Round "04"]
[TimeControl "180+1"]
[Date "2022.12.14"]
[WhiteClock "0:00:17"]
[BlackClock "0:00:10"]

1. d4 Nf6 2. c4 e6 3. Nf3 b6 4. g3 Bb7 5. Bg2 d5 6. O-O Be7 7. Nc3 O-O 8. Ne5 c6 9. e4 dxc4 10. Nxc4 Nbd7 11. Qe2 Qc7 12. Bf4 Qc8 13. Rac1 Rd8 14. Rfd1 Nf8 15. Ne5 c5 16. d5 exd5 17. exd5 Bd6 18. Nb5 Bxe5 19. Bxe5 Nxd5 20. Nd6 Rxd6 21. Bxd6 Nf6 22. Bxb7 Qxb7 23. Bxf8 Kxf8 24. Qe5 Kg8 25. Re1 h6 26. Rcd1 Re8 27. Qd6 Rf8 28. Re7 Qf3 29. Qd3 Qh5 30. Kg2 Ng4 31. h3 Nf6 32. Qf3 Qg6 33. Rd2 Qb1 34. Rxa7 Ne4 35. Re2 Ng5 36. Qf4 Qd1 37. Rd2 Qe1 38. h4 Ne6 39. Qe3 Qb1 40. Qd3 Qe1 41. Re2 Qc1 42. Rxe6 fxe6 43. Qg6 Qxb2 44. Qxe6+ Kh8 45. Qe3 c4 46. Rc7 b5 47. a4 bxa4 48. Rxc4 a3 49. Ra4 a2 50. Qa7 a1=Q 51. Rxa1 Rxf2+ 52. Qxf2 Qxa1 53. Qf8+ Kh7 54. Qf5+ Kg8 55. Qe6+ Kh8 56. Qe8+ Kh7 57. Qe4+ Kg8 58. Qe8+ Kh7 59. Qe4+ Kg8 60. Qe8+ Kh7 1/2-1/2


[Site "https://www.chess.com"]

[Event "Titled Tuesday Blitz December 13 Early 2022"]
[White "Shuvalova, Polina"]
[Black "Kostiukov, Alexandr"]
[WhiteFideId "24171760"]
[BlackFideId "14108100"]
[WhiteElo "2361"]
[BlackElo "2202"]
[Result "1-0"]
[Round "04"]
[TimeControl "180+1"]
[Date "2022.12.14"]
[WhiteClock "0:00:44"]
[BlackClock "0:00:52"]

1. d4 g6 2. e4 Bg7 3. Nc3 d6 4. Nf3 Nf6 5. Be3 O-O 6. Qd2 a6 7. O-O-O Nc6 8. h4 h5 9. Be2 Ng4 10. Ng5 Nxe3 11. fxe3 e5 12. d5 Ne7 13. g4 hxg4 14. Rdg1 f5 15. h5 Bh6 16. Ne6 Bxe6 17. hxg6 Kg7 18. dxe6 Nxg6 19. exf5 Rxf5 20. Bxg4 Qg5 21. Ne4 Rf1+ 22. Rxf1 Qxg4 23. Rf7+ 1-0


[Site "https://www.chess.com"]

[Event "Titled Tuesday Blitz December 13 Early 2022"]
[White "Silvestre, Christian"]
[Black "Postnikov, Artem"]
[WhiteFideId "30956269"]
[BlackFideId "34153575"]
[WhiteElo "2342"]
[BlackElo "2243"]
[Result "0-1"]
[Round "04"]
[TimeControl "180+1"]
[Date "2022.12.14"]
[WhiteClock "0:00:09"]
[BlackClock "0:00:12"]

1. b3 e5 2. Bb2 d6 3. e3 Nd7 4. Nf3 g6 5. d4 Qe7 6. d5 Bg7 7. c4 f5 8. Nbd2 Ngf6 9. Rc1 O-O 10. Be2 a5 11. a3 h6 12. O-O g5 13. b4 b6 14. c5 bxc5 15. Bb5 axb4 16. axb4 Ba6 17. Bxa6 Rxa6 18. Qc2 Rfa8 19. Qxf5 Nxd5 20. bxc5 Nxc5 21. Nc4 Nb4 22. h4 gxh4 23. Qg4 Nbd3 24. Rb1 Ra4 25. Nxh4 Qg5 26. Qh3 Rxc4 27. f4 exf4 28. Bxg7 Kxg7 29. Nf5+ Kh7 30. g4 fxe3 31. Nxe3 Rf4 32. Rxf4 Nxf4 33. Qf3 Rf8 34. Kh1 Ncd3 35. Rf1 Ng6 36. Qe4 Rxf1+ 37. Nxf1 Nf2+ 0-1


[Site "https://www.chess.com"]

[Event "Titled Tuesday Blitz December 13 Early 2022"]
[White "Sjugirov, Sanan"]
[Black "Pakleza, Zbigniew"]
[WhiteFideId "4189302"]
[BlackFideId "1119290"]
[WhiteElo "2613"]
[BlackElo "2410"]
[Result "1-0"]
[Round "04"]
[TimeControl "180+1"]
[Date "2022.12.13"]
[WhiteClock "0:00:03"]
[BlackClock "0:00:01"]

1. e4 d6 2. d4 Nf6 3. Bd3 e5 4. c3 d5 5. dxe5 dxe4 6. Bb5+ c6 7. Qxd8+ Kxd8 8. exf6 cxb5 9. Bg5 Kc7 10. Nd2 Bf5 11. Ne2 Bg6 12. Nf4 Nd7 13. Nxg6 hxg6 14. Bf4+ Kc6 15. fxg7 Bxg7 16. O-O-O Nc5 17. Be3 Bh6 18. Bd4 Rhd8 19. Kc2 Bxd2 20. Rxd2 Ne6 21. Bf6 Rxd2+ 22. Kxd2 Nf4 23. g3 Nd3 24. Ke3 Nxb2 25. Kxe4 Re8+ 26. Kf3 Nc4 27. h4 Nd2+ 28. Kg2 Ne4 29. Bd4 Kd5 30. Rd1 Kc4 31. Bg7 f6 32. Rd7 Nc5 33. Rc7 Re6 34. g4 a5 35. h5 gxh5 36. gxh5 Re5 37. h6 Rh5 38. Kg3 Kd5 39. Kg4 Rg5+ 40. Kf3 Ne6 41. Rd7+ Kc6 42. Re7 Rf5+ 43. Kg4 Rg5+ 44. Kh4 Nf4 45. Bxf6 Rg6 46. Bg7 Rg1 47. Rf7 1-0


[Site "https://www.chess.com"]